cohdb
Replays
Latest Replays
All Replays
Popular Replays
Top Player Replays
Match Explorer
How It Works
Community
CoH3 Stats
Reddit
Sign in to upload your games and track your stats! →
Sign in with Steam
Match 37854147
Unlisted
Match 37854147
Overview
Messages
Build Orders
End
Construct Section Command Post
Royal Engineer Section
Infantry Section
Selects Air and Sea Battlegroup
Infantry Section
Vickers Machine Gun Team
Construct Platoon Command Post
Humber Armored Car
Construct Field Infirmary
Selects Commando Section Paradrop
Selects Commando Support Section Paradrop
Commando Support Section Paradrop
Commando Section Paradrop
Infantry Training
6-pounder Anti-tank Gun Team
Grenade Package
Construct Company Command Post
Crusader II Medium Tank
Selects Anti-tank Rocket Loiter
Crusader II Medium Tank
Selects Supply Surplus
Infantry Training
Hawker Typoon
grun59
0
0
Comments
sign in to comment!
No comments posted yet!